 Dungeon Crawl Stone Soup version 0.17-a0-1951-g62301d3 (webtiles) character file.

28 Ordine the Sneak (level 2, -2/13 HPs)
             Began as a Spriggan Enchanter on Oct 3, 2015.
             Killed from afar by Blork the orc (5 damage)
             ... with a puff of flame
             ... on level 4 of the Dungeon.
             The game lasted 00:03:51 (1011 turns).

Ordine the Sneak (Spriggan Enchanter)               Turns: 1011, Time: 00:03:51

Health: -2/13      AC:  3    Str:  4    XL:     2   Next: 96%
Magic:  3/7        EV: 18    Int: 16    God:
Gold:   50         SH:  0    Dex: 19    Spells: 2 memorised, 5 levels left

rFire  . . .     SeeInvis +     a - +1 dagger
rCold  . . .     Clarity  .     b - +1 robe
rNeg   . . .     SustAt   .     (shield restricted)
rPois  .         Gourm    .     (helmet restricted)
rElec  .         Spirit   .     (no cloak)
rCorr  .         Warding  .     (gloves unavailable)
rMut   .         Stasis   .     (boots unavailable)
MR     .....                    (no amulet)
Stlth  +++.......               (no ring)
                                i - +3 ring of dexterity

@: very quick, not resistant to hostile enchantments, fairly stealthy
A: unfitting armour, see invisible, herbivore 3, speed 3, slow metabolism 2
a: no special abilities


You were on level 4 of the Dungeon.
You were not hungry.

You visited 1 branch of the dungeon, and saw 3 of its levels.

You collected 50 gold pieces.

Inventory:

Hand weapons
 a - a +1 dagger (weapon)
Armour
 b - a +1 robe (worn)
Jewellery
 i - a +3 ring of dexterity (left hand)
Magical devices
 j - a wand of fire (4)
Potions
 e - a potion of resistance
 f - a potion of flight
 g - a potion of ambrosia {unknown}
 h - a potion of curing {unknown}
Books
 c - a book of Maledictions

   Spells                             Type                      Level
   a - Corona                         Hexes                        1
   b - Ensorcelled Hibernation        Hexes/Ice                    2
   c - Confuse                        Hexes                        3
   d - Tukima's Dance                 Hexes                        3
   e - Dazzling Spray                 Conjuration/Hexes            3
Comestibles
 d - a bread ration


   Skills:
 + Level 2.1 Short Blades
 - Level 3.0 Dodging
 - Level 4.4 Stealth
 * Level 3.9 Spellcasting
 - Level 3.6 Hexes


You had 5 spell levels left.
You knew the following spells:

 Your Spells              Type           Power        Failure   Level  Hunger
a - Corona                Hex            ##.....      4%          1    None
b - Ensorcelled Hibernat  Hex/Ice        #.....       14%         2    ##.....


Dungeon Overview and Level Annotations

Branches:
Dungeon (4/15)
 Temple: D:4-7

Altars:
Vehumet
The Shining One

Annotations:
D:4 Blork the orc


Innate Abilities, Weirdness & Mutations

You are tiny and cannot use many weapons and most armour.
You have supernaturally acute eyesight.
You are a herbivore.
You cover ground extremely quickly.
You need consume almost no food.


Message History

Blork the orc casts a spell at you. The magic dart hits you!
Blork the orc gestures at you while chanting.
The puff of flame hits you!
* * * LOW HITPOINT WARNING * * *
Casting: Corona
Confirm with . or Enter, or press ? or * to list all spells.
Aiming: Corona
Press: ? - help, Shift-Dir - straight line, f/p - Blork the orc
Aim: Blork the orc, wielding a dire flail and wearing a robe (fast, softly glowing, chance to defeat MR: 50%) Blork the orc struggles to resist.
Casting: Corona
Confirm with . or Enter, or press ? or * to list all spells.
Aiming: Corona
Press: ? - help, Shift-Dir - straight line, f/p - Blork the orc
Aim: Blork the orc, wielding a dire flail and wearing a robe (fast, softly glowing, chance to defeat MR: 50%) Blork the orc struggles to resist.
Blork the orc casts a spell at you. The puff of flame hits you!
You die...

##### #...# #...#
#################...#######
#.....(.o.@........%..(†...
.......................###
#..........######.....##
...........# #...#.###
#..........# ###.#...#
...........# #....###.###
.###..####(. #....# #...#
... .... #....# ###.#
####.# .#


You could see Blork the orc.

Vanquished Creatures
  An adder (D:2)
  A giant cockroach (D:1)
  2 goblins (D:1)
  2 jackals (D:1)
  4 kobolds
  2 bats (D:2)
  2 giant newts
  6 rats (D:1)
20 creatures vanquished.

Notes
Turn   | Place    | Note
--------------------------------------------------------------
     0 | D:1      | Ordine the Spriggan Enchanter began the quest for the Orb.
     0 | D:1      | Reached XP level 1. HP: 9/9 MP: 5/5
   223 | D:1      | Reached XP level 2. HP: 13/13 MP: 7/7
   230 | D:1      | Learned a level 2 spell: Ensorcelled Hibernation
   289 | D:1      | Found a glowing golden altar of the Shining One.
   917 | D:2      | Found a radiant altar of Vehumet.
   961 | D:2      | You fall through a shaft for 2 floors!
  1001 | D:4      | Noticed Blork the orc
  1011 | D:4      | Killed from afar by Blork the orc

Vault maps used:
D:1:      dpeg_arrival_round_b, moated_statue, tso_metal_star
D:2:      nicolae_qazlal_style_of_elements, lemuel_coloured_pillars_altar
D:4:      overflow_temple_1_default, gammafunk_temple_overflow_forgotten,
          tgw_sif, lightli_ossuary_entry_decrepit_ruins,
          eino_small_chamber_without_monster, uniq_blork_the_orc, uniq_grinder

Action                   || total
-------------------------++-------
Melee: Dagger            ||    56
 Cast: Corona            ||     4
  Use: Scroll            ||     3
 Stab: Sleeping          ||    10
